AoeStats
← Roy Mustang

Baltic

510425348Analyzed
4v4 RM · 3d ago on Oct 1, 2026· 72m 4s· 8 players
Game mode
Random Map
Map size
Large (8 player)
Population
200
Speed
Normal
Resources
Standard
Victory
Conquest
Starting age
Dark Age
Ending age
Imperial Age
RankedLock teamsTeams togetherTeam positionsShared explorationLock speedFull tech treeHidden civsTurbo modeCheats
Victory
Defeat
🇺🇸 Spanish · United States
1211
+13
🇲🇽 Varangians · Mexico
1166
+15
🇨🇳 Ethiopians · China
1100
+18
🇲🇽 Saracens · Mexico
1017
+21
🇦🇷 Vikings · Argentina
1204
-19
🇦🇷 Koreans · Argentina
1130
-16
🇦🇷 Vietnamese · Argentina
1130
-16
🇺🇸 Britons · United States
1121
-16
LE Lamechara
8:47 Loom
11:13 Feudal Age
15:25 Castle Age
14:33 Horse Collar
14:41 Double-Bit Axe
15:01 Gold Mining
16:43 Fletching
17:51 Bow Saw
23:46 Bodkin Arrow
25:07 Padded Archer Armor
28:22 Yeomen
30:19 Wheelbarrow
29:30 Town Watch
31:14 Ballistics
31:11 Heavy Plow
32:38 Stone Mining
33:24 Gold Shaft Mining
36:03 Imperial Age
33:52 Hand Cart
33:39 Town Patrol
37:12 Imperial Age
35:42 Scale Mail Armor
37:34 Chain Mail Armor
37:30 Forging
36:46 Pikeman
37:12 Gambesons
37:27 Squires
37:13 Arson
37:59 Halberdier
39:14 Plate Mail Armor
39:19 Iron Casting
39:39 Treadmill Crane
40:10 Masonry
42:44 Blast Furnace
43:52 Elite Skirmisher
47:35 Bracer
51:27 Coinage
51:10 Guilds
51:06 Caravan
54:52 Banking
56:27 Conscription
56:53 Scale Barding Armor
58:32 Light Cavalry
59:13 Husbandry
63:21 Crossbowman
63:25 Heavy Mounted Crossbowman
64:09 Cranequins
65:56 Cavalier
LenonDS
8:45 Loom
11:05 Feudal Age
11:26 Loom
14:49 Fletching
20:12 Castle Age
18:50 Wheelbarrow
18:01 Double-Bit Axe
17:57 Horse Collar
18:10 Gold Mining
22:46 Bow Saw
24:15 Horse Collar
25:24 Scale Barding Armor
26:09 Husbandry
26:25 Fishing Lines
27:54 Hand Cart
28:26 Chain Barding Armor
35:13 Imperial Age
33:08 Forging
34:50 Bodkin Arrow
35:17 Ballistics
35:21 Cavalier
35:45 Capped Ram
38:30 Eupseong
39:50 Iron Casting
40:04 Heavy Rocket Cart
41:14 Siege Engineers
43:53 Conscription
44:27 Shinkichon
44:36 Shinkichon
45:21 Chemistry
48:07 Pikeman
48:48 Squires
53:38 Scale Mail Armor
54:39 Chain Mail Armor
55:11 Light Cavalry
70:09 Halberdier
Nitsuga
5:04 Loom
10:40 Feudal Age
15:04 Castle Age
15:01 Town Watch
15:04 Double-Bit Axe
15:13 Gold Mining
16:44 Bow Saw
20:33 Fletching
22:22 Bodkin Arrow
27:39 Imperial Age
25:49 Fishing Lines
27:39 Ballistics
28:27 Gold Shaft Mining
27:50 Gillnets
29:51 Scale Mail Armor
30:50 Chain Mail Armor
32:26 Horse Collar
33:52 Clinker Construction
34:24 Siege Engineers
35:22 Forging
34:43 Pikeman
35:32 Squires
36:28 Conscription
39:56 Plate Mail Armor
40:30 Iron Casting
39:49 Elite Varangian Guard
43:02 Blast Furnace
42:24 Squires
44:20 Chieftains
45:18 Pikeman
48:00 Arson
49:57 Town Patrol
53:40 Bracer
56:31 Two-Man Saw
55:35 Heavy Plow
BrZika
8:31 Loom
10:48 Feudal Age
11:43 Double-Bit Axe
12:40 Horse Collar
21:50 Castle Age
20:59 Fletching
21:05 Gold Mining
22:41 Wheelbarrow
22:30 Crossbowman
23:47 Bodkin Arrow
24:25 Bow Saw
26:31 Stone Mining
29:23 Padded Archer Armor
29:54 Heavy Plow
30:37 Leather Archer Armor
33:03 Hand Cart
32:34 Town Watch
33:47 Thumb Ring
37:39 Imperial Age
37:31 Ballistics
38:59 Arbalester
39:56 Bracer
40:27 Ring Archer Armor
40:51 Paper Money
47:04 Coinage
46:38 Caravan
48:22 Chemistry
48:26 Scale Barding Armor
48:32 Forging
48:03 Elite Battle Elephant
49:21 Chatras
49:58 Bloodlines
49:49 Husbandry
50:40 Chain Barding Armor
50:56 Iron Casting
55:53 Light Cavalry
60:56 Plate Barding Armor
MENTOR VI
0:27 Loom
13:38 Feudal Age
14:41 Town Watch
15:56 Double-Bit Axe
17:55 Wheelbarrow
17:16 Gold Mining
23:33 Stone Mining
30:08 Castle Age
30:11 Fletching
30:22 Padded Archer Armor
30:24 Elite Skirmisher
32:37 Leather Archer Armor
40:00 Forging
39:46 Bodkin Arrow
44:59 Thumb Ring
46:42 Scale Barding Armor
55:50 Iron Casting
56:01 Bow Saw
58:12 Chain Barding Armor
59:10 Light Cavalry
60:01 Bloodlines
Roy Mustang
11:10 Feudal Age
15:12 Castle Age
13:23 Double-Bit Axe
14:03 Horse Collar
16:30 Bow Saw
18:35 Heavy Plow
24:04 Wheelbarrow
26:40 Scale Barding Armor
26:58 Stone Mining
27:02 Gold Mining
27:27 Bloodlines
27:17 Husbandry
30:14 Imperial Age
28:55 Chain Barding Armor
28:46 Forging
29:09 Vendel Legacy
31:04 Hand Cart
30:31 Cavalier
31:56 Plate Barding Armor
32:16 Conscription
33:08 Iron Casting
35:16 Blast Furnace
49:22 Squires
49:08 Arson
48:44 Elite Varangian Guard
49:29 Scale Mail Armor
52:53 Chain Mail Armor
54:28 Plate Mail Armor
53:59 Light Cavalry
55:15 Hussar
king vitt
0:29 Loom
11:54 Feudal Age
13:11 Wheelbarrow
12:24 Horse Collar
12:32 Double-Bit Axe
17:50 Castle Age
19:04 Hand Cart
26:00 Gold Mining
31:33 Imperial Age
30:00 Ballistics
29:51 Fortified Wall
29:51 Caravan
32:45 Gold Shaft Mining
31:38 Heavy Scorpion
33:28 Chemistry
32:41 Heavy Plow
33:02 Bow Saw
33:32 Siege Engineers
34:16 Onager
37:12 Two-Man Saw
37:45 Siege Onager
39:31 Torsion Engines
61:51 Capped Ram
63:18 Siege Ram
66:19 Coinage
67:48 Banking
X Saint
13:17 Feudal Age
13:31 Loom
19:02 Fletching
23:13 Castle Age
21:47 Double-Bit Axe
25:17 Bodkin Arrow
27:25 Horse Collar
35:00 Imperial Age
Connection lost

Rejoining the realm…

Still unreachable

The connection could not be restored.

Session expired

The server has moved on; the page needs a fresh start.